 Dungeon Crawl Stone Soup version 0.30.0-5-g1a98f26d00 (webtiles) character file.

Game seed: 5286312933315654322

2815 bitcoinman the Severer (level 9, 0/106 HPs)
             Began as a Minotaur Berserker on May 11, 2023.
             Was a High Priest of Trog.
             Slain by a wyvern (14 damage)
             ... on level 7 of the Dungeon.
             The game lasted 00:29:49 (5823 turns).

bitcoinman the Severer (Minotaur Berserker)         Turns: 5823, Time: 00:29:50

Health: 0/106      AC: 12    Str: 25    XL:     9   Next: 44%
Magic:  8/8        EV: 10    Int:  4    God:    Trog [*****.]
Gold:   315        SH:  6    Dex: 11    Spells: 8/8 levels left

rFire   . . .        a - +0 hand axe
rCold   . . .        F - +0 kite shield
rNeg    . . .        c - +4 ring mail
rPois   +            (helmet restricted)
rElec   .            (no cloak)
rCorr   .            m - +1 pair of gloves
SInv    .            x - +0 pair of boots
Will    +....        (no amulet) Stlth
                     h - ring of willpower
HPRegen 0.37/turn    n - ring of poison resistance
MPRegen 0.11/turn

%: no passive effects
@: berserking, very quick
A: horns 2, retaliatory headbutt
a: Renounce Religion, Berserk, Trog's Hand, Brothers in Arms


You were on level 7 of the Dungeon.
You worshipped Trog.
Trog was extremely pleased with you.
You visited 2 branches of the dungeon, and saw 8 of its levels.
You also visited: Ossuary.

You collected 315 gold pieces.

Inventory:

Hand Weapons
 a - a +0 hand axe (weapon)
 B - a +0 sling
 D - a +4 battleaxe
Missiles
 d - 2 javelins
 f - 6 poisoned darts
 A - 2 curare-tipped darts (quivered)
Armour
 c - a +4 ring mail (worn)
 m - a +1 pair of gloves (worn)
 x - a +0 pair of boots (worn)
 F - a +0 kite shield (worn)
Jewellery
 h - a ring of willpower (left hand)
 n - a ring of poison resistance (right hand)
Wands
 e - a wand of flame (15)
 r - a wand of polymorph (13)
 E - a wand of roots (6)
 G - a wand of acid (8)
Scrolls
 g - 2 scrolls of noise
 l - a scroll of fog {unknown}
 u - a scroll of butterflies {unknown}
 v - a scroll of amnesia {unknown}
 y - 4 scrolls of teleportation {unknown}
 C - a scroll of poison {unknown}
Potions
 b - 3 potions of might
 i - a potion of attraction {unknown}
 j - 3 potions of curing
 k - 2 potions of mutation
 o - a potion of resistance {unknown}
 p - a potion of invisibility {unknown}
 q - 2 potions of flight
 s - a potion of heal wounds
 t - a potion of lignification {unknown}
 w - a potion of degeneration {unknown}
 z - 2 potions of ambrosia


   Skills:
 - Level 3.8 Fighting
 + Level 15.1 Axes
 - Level 2.5 Armour
 - Level 2.2 Dodging
 + Level 2.4 Stealth
 + Level 0.2 Shields


You had 8 spell levels left.
You didn't know any spells.
Your spell library was empty.

Dungeon Overview and Level Annotations

Branches:
Dungeon (7/15)             Temple (1/1) D:5         Ossuary (visited)

Altars:
Cheibriados
Dithmenos
Fedhas
Gozag
Makhleb
Nemelex Xobeh
Qazlal
Ru
Sif Muna
Trog
Uskayaw
Vehumet
Wu Jian
Xom
Yredelemnul
Zin
The Shining One


Innate Abilities, Weirdness & Mutations

You have a pair of horns on your head.
You reflexively headbutt those who attack you in melee.


Message History

You closely miss the wyvern. You hit the ice beast but do no damage.
The wyvern bites you.
You hit the wyvern.
The wyvern is lightly wounded.
You hit the ice beast but do no damage.
The wyvern bites you but does no damage.
The ice beast hits you but does no damage.
You closely miss the wyvern.
The wyvern is lightly wounded.
You closely miss the ice beast. You block the wyvern's attack.
The ice beast completely misses you. You furiously retaliate!
You headbutt the ice beast.
You kill the ice beast!
Trog accepts your kill.
You slash the wyvern!
The wyvern is moderately wounded.
The wyvern bites you but does no damage.
You barely miss the wyvern.
The wyvern is moderately wounded.
You hit the killer bee. You block the killer bee's attack.
The wyvern bites you! The killer bee stings you.
You slash the wyvern!
The wyvern is heavily wounded.
You hit the killer bee but do no damage.
You block the wyvern's attack.
The killer bee stings you but does no damage.
The wyvern barely misses you.
You hit the wyvern.
The wyvern is severely wounded.
You hit the killer bee. The killer bee stings you!
The wyvern barely misses you. The killer bee closely misses you.
You hit the wyvern.
The wyvern is severely wounded.
You slash the killer bee! The killer bee barely misses you.
The wyvern bites you!
* * * LOW HITPOINT WARNING * * *
A red film seems to cover your vision as you go berserk!
You feel yourself moving faster!
You feel mighty! You block the killer bee's attack. The wyvern bites you!
You die...

.#######.#.###.#
#..## #.#.#
+.#####.#
#.##....# #....#
#######.#.#.#
........#.#
##.#..##@##
##.#y#l# # #. .#
.# #. #? #. #.
#. . #. # .#


You could see a wyvern and a killer bee.

Vanquished Creatures
  Grinder (D:3)
  A water moccasin (D:6)
  2 ice beasts
  A sky beast (D:6)
  A black bear (D:5)
  2 ogres
  A centaur (D:6)
  2 phantoms
  2 bullfrogs
  A gnoll sergeant (D:6)
  2 scorpions (D:5)
  3 water moccasin zombies (Ossuary)
  5 wights
  2 killer bees (D:7)
  A bullfrog zombie (Ossuary)
  4 centaur zombies (Ossuary)
  A jelly (D:7)
  Crazy Yiuf (D:2)
  4 hounds
  4 iguanas
  An iron imp (D:4)
  2 sleepcaps
  Natasha (twice) (D:2)
  2 orc wizards (D:7)
  5 gnolls (D:6)
  11 adders
  A shadow imp (D:6)
  3 white imps
  2 ufetubi (D:6)
  An adder zombie (Ossuary)
  4 worms
  2 dart slugs
  10 orcs
  4 ball pythons
  7 endoplasms
  2 giant cockroaches (D:1)
  3 gnoll zombies (Ossuary)
  6 goblins
  6 hobgoblins
  5 jackals
  10 kobolds
  4 quokkas
  9 bats
  2 frilled lizards
  2 goblin zombies (Ossuary)
  6 hobgoblin zombies (Ossuary)
  4 orc zombies (Ossuary)
  5 rats
162 creatures vanquished.

Notes
Turn   | Place    | Note
-------+----------+-------------------------------------------
     0 | D:1      | bitcoinman the Minotaur Berserker began the quest for the
                  | Orb.
     0 | D:1      | Reached XP level 1. HP: 19/19 MP: 0/0
   136 | D:1      | Reached skill level 4 in Axes
   136 | D:1      | Reached XP level 2. HP: 27/27 MP: 1/1
   746 | D:2      | Reached XP level 3. HP: 33/33 MP: 2/2
   771 | D:2      | Reached ** piety under Trog
   772 | D:2      | Reached skill level 5 in Axes
   848 | D:2      | Found a runed translucent door.
   849 | D:2      | Noticed Crazy Yiuf
   892 | D:2      | Reached XP level 4. HP: 40/40 MP: 3/3
   947 | D:2      | Noticed Natasha
   956 | D:2      | Killed Natasha
   957 | D:2      | Reached skill level 6 in Axes
  1146 | D:2      | Noticed Natasha
  1161 | D:2      | Killed Natasha
  1258 | D:2      | Killed Crazy Yiuf
  1259 | D:2      | Reached XP level 5. HP: 32/46 MP: 4/4
  1367 | D:3      | Noticed Grinder
  1372 | D:3      | Reached skill level 7 in Axes
  1385 | D:3      | Killed Grinder
  1386 | D:3      | Reached skill level 8 in Axes
  1386 | D:3      | Reached XP level 6. HP: 36/52 MP: 5/5
  1508 | D:3      | Found a faded altar of an unknown god.
  1588 | D:3      | Identified the +3 dagger "Lunurr" {elec, Fly Str+2}
  1754 | D:3      | You fall into a shaft and drop 3 floors!
  1772 | D:6      | Reached skill level 9 in Axes
  1814 | D:6      | Found a burning altar of Makhleb.
  1834 | D:5      | Entered Level 5 of the Dungeon
  1848 | D:5      | Reached XP level 7. HP: 47/58 MP: 6/6
  1851 | D:5      | Found an opulent altar of Gozag.
  1924 | D:5      | Reached *** piety under Trog
  1948 | D:5      | Found a staircase to the Ecumenical Temple.
  1964 | Temple   | Entered the Ecumenical Temple
  2227 | D:5      | Reached skill level 10 in Axes
  2406 | D:5      | Reached skill level 1 in Stealth
  2655 | D:4      | Reached skill level 11 in Axes
  2667 | D:4      | Found a sand-covered staircase.
  2671 | Ossuary  | Entered an ossuary
  2740 | Ossuary  | Reached XP level 8. HP: 60/66 MP: 7/7
  2837 | Ossuary  | Reached skill level 12 in Axes
  2902 | Ossuary  | Noticed a silent spectre
  3149 | D:4      | Reached **** piety under Trog
  3453 | D:4      | Found a snail-covered altar of Cheibriados.
  3861 | D:3      | Found a glowing golden altar of the Shining One.
  4118 | D:5      | Found a shadowy altar of Dithmenos.
  4443 | D:5      | Reached skill level 13 in Axes
  4846 | D:6      | Reached XP level 9. HP: 71/71 MP: 8/8
  4852 | D:6      | Reached skill level 14 in Axes
  5120 | D:6      | Found a bloodstained altar of Trog.
  5814 | D:7      | Reached ***** piety under Trog
  5815 | D:7      | Reached skill level 15 in Axes
  5823 | D:7      | Slain by a wyvern

Illustrated notes

Levels and vault maps discovered:
D:1:      minmay_arrival_checkered_box, layout_basic, minmay_misc_feat_roman,
          amcnicky_mini_corridor_feature, minivault_14
D:2:      layout_rooms, serial_curves, eino_curves_03, eino_curves_01,
          nicolae_half_adder, uniq_natasha, uniq_crazy_yiuf_cottage
D:3:      layout_basic, nicolae_tso_carved_into_rock,
          chequers_ecumenical_altar_island, minmay_between, uniq_grinder
D:4:      layout_layer_cave, slow_altar_2, lightli_ossuary_entry_decrepit_ruins
D:5:      layout_loops_ring, mainiacjoe_overflow_cross_hatched,
          nicolae_gozag_cash_rules_everything_around_me,
          minmay_temple_entry_overgrown, serial_bayou_pond_a,
          minmay_misc_feat_hallway
D:6:      layout_basic, lightli_temple_of_fire, makhleb_heckhound_becter
D:7:      layout_basic, chequers_arboretum, grunt_decor_arrowhead,
          minmay_tree_intersection, serial_bayou_pond_e, minmay_shattered_shrine
Temple:   minmay_temple_curvy_loop

Skill      XL: |  1  2  3  4  5  6  7  8  9 |
---------------+----------------------------+-----
Axes           | 4 5 6 8 9 11 13 15 | 15.1
Stealth        | 1 2 |  2.4
Fighting       | |  3.8
Armour         | |  2.5
Dodging        | |  2.2
Shields        | |  0.2

Action                     |  1- 3 |  4- 6 |  7- 9 || total
---------------------------+-------+-------+-------++-------
  Melee: Hand axe          |    82 |    93 |   317 ||   492
         Headbutt          |     7 |    13 |    66 ||    86
         Punch             |       |     2 |     1 ||     3
 Invoke: Berserk           |       |       |     2 ||     2
    Use: Scroll            |       |       |     8 ||     8
         Potion            |       |       |     1 ||     1
 Armour: Ring mail         |    37 |    48 |   131 ||   216
  Dodge: Dodged            |    59 |    56 |   146 ||   261
  Block: Kite shield       |       |       |    14 ||    14
